 Dungeon Crawl Stone Soup version 0.21.1-1-g345015fe64 (webtiles) character file.

576 Gargoyl the Skirmisher (level 7, -3/67 HPs)
             Began as a Centaur Abyssal Knight on May 31, 2018.
             Was a Priest of Lugonu.
             Slain by an orc warrior
             ... wielding a +0 glaive
              (11 damage)
             ... on level 4 of the Dungeon.
             The game lasted 00:07:39 (4687 turns).

Gargoyl the Skirmisher (Centaur Abyssal Knight)     Turns: 4687, Time: 00:07:40

Health: -3/67      AC: 13    Str: 15    XL:     7   Next: 12%
Magic:  18/18      EV:  2    Int: 15    God:    Lugonu [***...]
Gold:   149        SH:  0    Dex: 10    Spells: 6/6 levels left

rFire    . . .     SeeInvis .   a - +3 hand axe
rCold    + . .     Gourm    .   (no shield)
rNeg     . . .     Faith    .   q - +2 plate armour
rPois    .         Spirit   .   o - +0 helmet
rElec    .         Reflect  .   (no cloak)
rCorr    .         Harm     .   (no gloves)
MR       .....                  (no barding)
Stlth    ..........             (no amulet)
HPRegen  0.21/turn              d - ring of protection from cold (curse)
MPRegen  0.16/turn              t - ring of magical power

@: very quick
A: large, hooves 3, rugged brown scales 1, clever 2, deformed body, speed 2,
robust 1, tough skin 3
a: Depart the Abyss, Bend Space, Banish, Renounce Religion


You were on level 4 of the Dungeon.
You worshipped Lugonu.
Lugonu was most pleased with you.
You were not hungry.

You visited 1 branch of the dungeon, and saw 5 of its levels.
You visited the Abyss 1 time.

You collected 353 gold pieces.
You spent 204 gold pieces at shops.

Inventory:

Hand Weapons
 a - a +3 hand axe (weapon)
Armour
 o - a +0 helmet (worn)
 q - a +2 plate armour (worn)
Jewellery
 d - a cursed ring of protection from cold (left hand)
 t - a ring of magical power (right hand)
Scrolls
 b - 2 scrolls of fear
 e - a scroll of enchant weapon
 g - a scroll of identify
 k - a scroll of remove curse
 l - a scroll of teleportation
 r - a scroll of amnesia
Potions
 f - a potion of degeneration {unknown}
 h - a potion of agility {unknown}
 i - a potion of might
 j - a potion of haste {unknown}
 m - a potion of lignification
 n - 2 potions of heal wounds
 p - a potion of brilliance {unknown}
 s - 3 potions of curing
Comestibles
 c - 3 rations
 u - a chunk of flesh


   Skills:
 + Level 4.3 Fighting
 + Level 4.0 Axes
 * Level 3.2 Armour
 + Level 1.9 Dodging
 * Level 3.7 Invocations


You had 6 spell levels left.
You didn't know any spells.

Dungeon Overview and Level Annotations

Branches:
Dungeon (5/15)
 Temple: D:4-7

Altars:
Nemelex Xobeh
Wu Jian
Yredelemnul

Shops:
D:4 !


Innate Abilities, Weirdness & Mutations

You have hooves in place of feet.
Armour fits poorly on your strangely shaped body.
You cover ground very quickly.
You have extremely tough skin. (AC +3)
You are partially covered in rugged brown scales. (AC +1, +3% HP)
Your mind is very acute. (Int +4)
You are robust. (+10% HP)


Message History

An orc warrior is nearby!
An orc warrior is nearby!
An orc warrior is nearby!
Your plate armour prevents you from hitting the orc warrior.
You kick the orc warrior, but do no damage.
The orc warrior completely misses you.
Your plate armour prevents you from hitting the orc warrior.
You hit the orc warrior.
The orc warrior is lightly wounded.
The orc warrior hits you with a glaive!
You closely miss the orc warrior.
The orc warrior is lightly wounded.
The orc warrior hits you with a glaive!
You hit the orc warrior.
You kick the orc warrior, but do no damage.
The orc warrior is heavily wounded.
The orc warrior hits you with a glaive!!
* * * LOW HITPOINT WARNING * * *
The orc warrior hits you from afar with a glaive!
You die...

##.>...#.#.### ###........
#....##.....# ##.......
#....#####..##########.......
#####....# #...................
...(.....# ###....[...####.......
####..######.....####...##.......
#####..........#.## ###....######
..........####....## ######
########### ##.@..# # ##>).###
##o...# ######


You could see an orc warrior.

Vanquished Creatures
  A water moccasin (D:5)
  A centaur (D:5)
  A scorpion (D:4)
  A jelly (D:5)
  A bullfrog zombie (D:5)
  A quasit (Abyss:2)
  2 hounds
  4 gnolls
  8 adders
  2 oozes (D:3)
  An adder zombie (D:5)
  4 worms
  2 dart slugs (D:2)
  3 leopard geckos
  3 orcs
  5 giant cockroaches
  2 gnoll zombies (D:2)
  4 goblins
  7 hobgoblins
  3 jackals (D:2)
  2 quokkas
  A ball python (D:3)
  3 frilled lizards
  7 kobolds
  A quokka skeleton (D:5)
  4 rats
74 creatures vanquished.

Notes
Turn   | Place    | Note
-------+----------+-------------------------------------------
     0 | Abyss:1  | Gargoyl the Centaur Abyssal Knight began the quest for the Orb.
     0 | Abyss:1  | Reached XP level 1. HP: 19/19 MP: 2/2
    23 | Abyss:1  | Found a corrupted altar of Lugonu.
    40 | Abyss:2  | Noticed a quasit
    53 | Abyss:2  | Killed a quasit
    53 | Abyss:2  | Reached skill level 1 in Dodging
    53 | Abyss:2  | Reached XP level 2. HP: 27/27 MP: 3/3
    53 | Abyss:2  | Reached XP level 3. HP: 33/33 MP: 4/4
   135 | Abyss:2  | Noticed a golden eye
   135 | D:1      | Escaped the Abyss
   251 | D:1      | Reached * piety under Lugonu
   599 | D:2      | Gained mutation: You are partially covered in rugged brown scales. (AC +1, +3% HP) [potion of mutation]
   599 | D:2      | Gained mutation: Your flesh is heat resistant. (rF+) [potion of mutation]
   599 | D:2      | Gained mutation: You are surrounded by a mild repulsion field. (EV +2) [potion of mutation]
   599 | D:2      | Gained mutation: You are somewhat resistant to further mutation. [potion of mutation]
  1067 | D:2      | Reached XP level 4. HP: 24/41 MP: 5/5
  1239 | D:2      | Found a sparkling altar of Nemelex Xobeh.
  1455 | D:2      | Found a basalt altar of Yredelemnul.
  1972 | D:2      | Reached ** piety under Lugonu
  2038 | D:2      | Reached XP level 5. HP: 36/47 MP: 7/7
  3259 | D:3      | Found an ornate altar of the Wu Jian Council.
  3639 | D:4      | Lost mutation: You are somewhat resistant to further mutation. [potion of mutation]
  3639 | D:4      | Lost mutation: You are surrounded by a mild repulsion field. (EV +2) [potion of mutation]
  3639 | D:4      | Lost mutation: Your flesh is heat resistant. (rF+) [potion of mutation]
  3639 | D:4      | Gained mutation: You expend magic power (3 MP) to strengthen your wands. [potion of mutation]
  3639 | D:4      | Gained mutation: Your mind is acute. (Int +2) [potion of mutation]
  3639 | D:4      | Gained mutation: Your mind is very acute. (Int +4) [potion of mutation]
  3640 | D:4      | Lost mutation: You expend magic power (3 MP) to strengthen your wands. [potion of mutation]
  3640 | D:4      | Lost mutation: Your mind is very acute. (Int +4) [potion of mutation]
  3640 | D:4      | Gained mutation: Your mind is very acute. (Int +4) [potion of mutation]
  3640 | D:4      | Gained mutation: You are robust. (+10% HP) [potion of mutation]
  3683 | D:4      | Reached XP level 6. HP: 44/58 MP: 8/8
  3935 | D:4      | Found Ceorr's Distillery.
  3943 | D:4      | Bought a potion of heal wounds for 60 gold pieces
  3943 | D:4      | Bought a potion of curing for 36 gold pieces
  3943 | D:4      | Bought 2 potions of curing for 72 gold pieces
  3943 | D:4      | Bought a potion of curing for 36 gold pieces
  4010 | D:4      | Reached *** piety under Lugonu
  4212 | D:5      | Entered Level 5 of the Dungeon
  4212 | D:5      | Noticed a water moccasin
  4230 | D:5      | Killed a water moccasin
  4429 | D:5      | Reached XP level 7. HP: 31/67 MP: 9/9
  4687 | D:4      | Slain by an orc warrior

Skill      XL: |  1  2  3  4  5  6 |
---------------+-------------------+-----
Axes           | 2 3 4 |  4.0
Dodging        | 1 |  1.9
Armour         | 2 3 |  3.2
Fighting       | 4 |  4.3
Invocations    | 3 |  3.7

Action                   |  1- 3 |  4- 6 |  7- 9 || total
-------------------------+-------+-------+-------++-------
Melee: Hand axe          |    64 |   195 |    10 ||   269
       Kick              |    12 |    45 |     2 ||    59
Invok: Depart the Abyss  |     1 |       |       ||     1
  Use: Potion            |     2 |     3 |       ||     5
       Scroll            |     8 |     5 |       ||    13
  Eat: Ration            |       |     2 |       ||     2
       Chunk             |       |     2 |     1 ||     3
Armor: Skin              |    45 |       |       ||    45
       Leather armour    |    20 |    41 |       ||    61
       Plate armour      |       |    70 |     3 ||    73
Dodge: Dodged            |    24 |    94 |     3 ||   121
